 Dungeon Crawl Stone Soup version 0.28-a0-664-gc179e30c89 (webtiles) character file.

Game seed: 15139728817209126775

624 Johnny the Slasher (level 7, -1/56 HPs)
             Began as a Human Berserker on Oct 16, 2021.
             Was a Believer of Trog.
             Slain by Menkaure (8 damage)
             ... on level 4 of the Dungeon.
             The game lasted 00:03:02 (3982 turns).

Johnny the Slasher (Human Berserker)                Turns: 3982, Time: 00:03:03

Health: -1/56      AC:  6    Str: 20    XL:     7   Next: 76%
Magic:  16/16      EV: 15    Int:  7    God:    Trog [**....]
Gold:   64         SH:  0    Dex: 12    Spells: 6/6 levels left

rFire   . . .      SeeInvis .   a - +0 falchion
rCold   . . .      Faith    +   (no shield)
rNeg    . . .      Spirit   .   e - +0 ring mail
rPois   .          Reflect  .   (no helmet)
rElec   .          Harm     .   (no cloak)
rCorr   .          Rampage  .   (no gloves)
Will    .....                   i - +0 pair of boots
Stlth   +.........              n - amulet of faith
HPRegen 0.18/turn               l - +4 ring of evasion
MPRegen 0.15/turn               m - ring of magical power

@: on berserk cooldown, slowed, invisible, very slow
A: no striking features
a: Renounce Religion, Berserk, Trog's Hand


You were on level 4 of the Dungeon.
You worshipped Trog.
Trog was pleased with you.
You visited 1 branch of the dungeon, and saw 4 of its levels.

You collected 103 gold pieces.
You spent 39 gold pieces at shops.

Inventory:

Hand Weapons
 a - a +0 falchion (weapon)
Armour
 b - a +0 animal skin
 e - a +0 ring mail (worn)
 i - a +0 pair of boots (worn)
Jewellery
 l - a +4 ring of evasion (left hand)
 m - a ring of magical power (right hand)
 n - an amulet of faith (around neck)
Scrolls
 c - 3 scrolls of identify {unknown}
 d - a scroll of magic mapping {unknown}
 j - a scroll of summoning {unknown}
 o - a scroll of blinking {unknown}
Potions
 g - a potion of berserk rage {unknown}
 h - a potion of flight {unknown}
 k - 4 potions of curing


   Skills:
 + Level 5.3 Fighting
 * Level 7.1 Long Blades
 - Level 2.0 Armour
 - Level 2.0 Dodging


You had 6 spell levels left.
You didn't know any spells.
Your spell library was empty.

Dungeon Overview and Level Annotations

Branches:
Dungeon (4/15)
 Temple: D:4-7

Altars:

Shops:
D:3 ![=

Annotations:
D:4 Menkaure


Message History

The helpless Pikel fails to defend himself.
You slash Pikel!
You kill Pikel!
Trog accepts your kill.
With Pikel's spell broken, his former minions thank you for their freedom.
The lemure departs this earthly plane. x2
Your Fighting skill increases to level 5!
Your Long Blades skill gained 2 levels and is now at level 7!
You have reached level 6!
Your experience leads to an increase in your attributes!
Increase (S)trength, (I)ntelligence, or (D)exterity?
You feel stronger.
You have reached level 7!
Aiming: Paralyse
Press: ? - help, Shift-Dir - straight line, f - Menkaure
Aim: Menkaure (chance to affect: 46%) Menkaure resists with some effort.
The now-empty wand crumbles to dust.
Menkaure calls on the powers of darkness!
Your body is wracked with pain!
* * * LOW HITPOINT WARNING * * *
Okay, then.
Menkaure gestures wildly while chanting.
Menkaure seems to speed up.
Menkaure calls on the powers of darkness!
Your body is wracked with pain!
* * * LOW HITPOINT WARNING * * *
Menkaure calls on the powers of darkness!
Your body is wracked with pain!
* * * LOW HITPOINT WARNING * * *
Found 12 poisoned darts.
Menkaure mumbles a few words.
There is a stone staircase leading down here.
Okay, then.
Okay, then.
You aren't carrying any items that you can evoke.
Unknown command.
It was a potion of invisibility.
You fade into invisibility!
Menkaure hits you!
You die...

### ..# ######.# .#
...##(# #############
....###.##.##
#))).........
.........M@.#
#.###########
######.###..##.# .
#..)...####.##'#####
....##.##.#......#......#
......))................#
###.##.##.##............#
#. #.##.##.........# #.
#.##.###....##### #.
#..........##


You could see Menkaure (fast).

Vanquished Creatures
  Pikel (D:4)
  A lemure (D:4)
  Ijyb (D:3)
  3 gnolls (D:4)
  4 adders
  A worm (D:2)
  3 dart slugs
  6 endoplasms
  4 giant cockroaches
  10 goblins
  6 hobgoblins
  4 jackals (D:1)
  4 quokkas
  10 ball pythons
  5 bats
  4 frilled lizards
  8 kobolds
  8 rats
83 creatures vanquished.

Notes
Turn   | Place    | Note
-------+----------+-------------------------------------------
     0 | D:1      | Johnny the Human Berserker began the quest for the Orb.
     0 | D:1      | Reached XP level 1. HP: 18/18 MP: 1/1
   188 | D:1      | Reached XP level 2. HP: 22/24 MP: 2/2
   554 | D:1      | Reached XP level 3. HP: 19/29 MP: 3/3
   725 | D:1      | Reached ** piety under Trog
  1169 | D:1      | Reached skill level 4 in Long Blades
  1914 | D:2      | Reached XP level 4. HP: 17/35 MP: 4/4
  2726 | D:3      | Found Tejeho's Distillery.
  2734 | D:3      | Bought a potion of curing for 39 gold pieces
  2761 | D:3      | Found Coboim's Armour Shop.
  3148 | D:3      | Noticed Ijyb
  3163 | D:3      | Killed Ijyb
  3164 | D:3      | Reached XP level 5. HP: 20/42 MP: 5/5
  3438 | D:3      | Found Biol's Jewellery Shoppe.
  3524 | D:3      | Reached skill level 5 in Long Blades
  3951 | D:4      | Noticed a lemure
  3951 | D:4      | Noticed a lemure
  3952 | D:4      | Noticed Pikel
  3952 | D:4      | Noticed a lemure
  3954 | D:4      | Noticed a lemure
  3967 | D:4      | Killed a lemure
  3969 | D:4      | Noticed Menkaure
  3973 | D:4      | Killed Pikel
  3974 | D:4      | Reached skill level 5 in Fighting
  3974 | D:4      | Reached skill level 7 in Long Blades
  3974 | D:4      | Reached XP level 6. HP: 24/51 MP: 6/6
  3974 | D:4      | Reached XP level 7. HP: 27/56 MP: 7/7
  3982 | D:4      | Slain by Menkaure

Illustrated notes

Levels and vault maps discovered:
D:1:      lightli_arrival_farm, layout_basic
D:2:      layout_basic
D:3:      layout_basic, serial_shops,
          nicolae_shop_temple_entry_statues_fountains, shop, shop,
          chequers_decorated_corner, uniq_ijyb
D:4:      layout_basic, nzn_wu_jian_contemplation, gammafunk_ghost_icy,
          uniq_blork_the_orc, uniq_menkaure, uniq_edmund, uniq_eustachio,
          uniq_pikel

Skill      XL: |  1  2  3  4  5 |
---------------+----------------+-----
Long Blades    | 4 7 |  7.1
Fighting       | 5 |  5.3
Armour         | |  2.0
Dodging        | |  2.0

Action                   |  1- 3 |  4- 6 |  7- 9 || total
-------------------------+-------+-------+-------++-------
Melee: Falchion          |   123 |   136 |       ||   259
Invok: Berserk           |     2 |     3 |       ||     5
       Trog's Hand       |       |     2 |       ||     2
Evoke: Wand              |       |     1 |     1 ||     2
  Use: Potion            |       |     1 |     1 ||     2
 Stab: Paralysed         |       |     4 |       ||     4
Armor: Animal skin       |    15 |       |       ||    15
       Ring mail         |       |    37 |       ||    37
Dodge: Dodged            |    82 |    79 |       ||   161

Table legend: (Time is in decaauts)
 A = Elapsed time spent in this place.
 B = Non-inter-level travel time spent in this place.
 C = Inter-level travel time spent in this place.
 D = Time resting spent in this place.
 E = Time spent auto-exploring this place.
 F = Levels seen in this place.
 G = Mean time per level.
                   A        B        C        D        E       F      G
               +--------+--------+--------+--------+--------+-----+--------+
         Total |   4051 |   3940 |    111 |    709 |   2659 |   4 | 1012.8 |
       Dungeon |   4051 |   3940 |    111 |    709 |   2659 |   4 | 1012.8 |
               +--------+--------+--------+--------+--------+-----+--------+

Top non-repeatable levels by time:
     D:1: 1731 daAuts
     D:3: 1149 daAuts
     D:2: 953 daAuts
     D:4: 216 daAuts
